[Event "ICCopen2017"]
[Site "Internet Chess Club"]
[Date "2017.04.02"]
[Round "11"]
[White "Kiketf"]
[Black "markovichgoran"]
[Result "1-0"]
[ICCResult "Black resigns"]
[WhiteElo "2250"]
[BlackElo "2379"]
[Opening "Ruy Lopez: closed, Pilnik variation"]
[ECO "C90"]
[NIC "RL.19"]
[Time "21:09:54"]
[TimeControl "180+0"]

1. e4 e5 2. Nf3 Nc6 3. Bb5 a6 4. Ba4 Nf6 5. O-O Be7 6. Re1 b5 7. Bb3 d6 8.
d3 O-O 9. c3 h6 10. Nbd2 Re8 11. Nf1 Bf8 12. Ng3 g6 13. h3 Bg7 14. Be3 Na5
15. Bc2 c5 16. Qd2 Kh7 17. Nh2 Be6 18. f4 exf4 19. Bxf4 Nc6 20. b3 b4 21. c4
Nd4 22. Be3 Nd7 23. Rad1 Qh4 24. Bf2 Ne5 25. Nf5 Qd8 26. Nxd4 cxd4 27. Bxd4
Qh4 28. Qf2 Qe7 29. Ba1 Qg5 30. d4 Nd7 31. Nf3 Qh5 32. d5 Bxh3 33. gxh3 Bxa1
34. Rxa1 Qxh3 35. Re3 Qh5 36. Kg2 Nf6 37. Rh1 Qg4+ 38. Qg3 Qxg3+ 39. Kxg3
Nh5+ 40. Rxh5 gxh5 41. e5+ Kg7 42. Kf4 dxe5+ 43. Nxe5 f6 44. Rg3+ Kf8 45.
Nd7+ Ke7 46. Rg7+ Kd6 47. Be4 Re7 48. c5+ Kxd7 49. Rxe7+ Kxe7 50. d6+ Kd7
51. Bxa8 a5 52. Ke4 h4 53. Kd5 h3 54. c6+ Kc8 55. c7 h2 56. Ke6 h1=Q 57.
Bxh1 {Black resigns} 1-0

[Event "ICCopen2017"]
[Site "Internet Chess Club"]
[Date "2017.04.02"]
[Round "11"]
[White "LeonSantillan"]
[Black "MyLien"]
[Result "1-0"]
[ICCResult "Black resigns"]
[WhiteElo "1814"]
[BlackElo "1552"]
[Opening "Queen's pawn: London system"]
[ECO "A45"]
[NIC "QP.07"]
[Time "21:09:54"]
[TimeControl "180+0"]

1. d4 Nf6 2. Bf4 g6 3. e3 Bg7 4. Nf3 d6 5. Be2 O-O 6. h3 Nbd7 7. O-O c5 8.
c3 a6 9. Nbd2 Ne8 10. Bh2 Nc7 11. Rc1 b5 12. dxc5 Nxc5 13. Nb3 N7e6 14. Nbd4
Bb7 15. b4 Na4 16. Nxe6 fxe6 17. Qb3 Rc8 18. c4 Nb6 19. cxb5 axb5 20. Qxe6+
Kh8 21. Bxb5 Bd5 22. Qg4 Bxf3 23. gxf3 Ra8 24. Rc2 Nd5 25. Bc6 Nxb4 26. Rc4
Nxc6 27. Rxc6 Rxa2 28. Rfc1 Qa8 29. Rc8 Qxf3 30. Qxf3 Rxc8 31. Rxc8+
{Black resigns}
1-0

[Event "ICCopen2017"]
[Site "Internet Chess Club"]
[Date "2017.04.02"]
[Round "11"]
[White "mistell"]
[Black "asadue"]
[Result "1-0"]
[ICCResult "Black checkmated"]
[WhiteElo "1416"]
[BlackElo "1246"]
[Opening "Blackmar-Diemer gambit"]
[ECO "D00"]
[NIC "QP.07"]
[Time "21:09:55"]
[TimeControl "180+0"]

1. d4 Nf6 2. Nc3 d5 3. e4 dxe4 4. f3 exf3 5. Nxf3 Bg4 6. h3 Bxf3 7. Qxf3 c6
8. Be3 g6 9. O-O-O Bg7 10. Bc4 O-O 11. Ne2 Nfd7 12. Qf2 b5 13. Bb3 Nb6 14.
Qh4 a5 15. a3 a4 16. Ba2 N8d7 17. Bh6 Nc4 18. Nc3 Ndb6 19. Rhe1 Ra7 20. Bg5
Re8 21. Re4 Qa8 22. Rde1 e5 23. Bf6 Bxf6 24. Qxf6 Rae7 25. dxe5 Nd5 26. Nxd5
cxd5 27. Rh4 Qb7 28. Qf4 Kg7 29. Qh6+ Kg8 30. Qxh7+ Kf8 31. Qh8#
{Black checkmated}
1-0

[Event "ICCopen2017"]
[Site "Internet Chess Club"]
[Date "2017.04.02"]
[Round "11"]
[White "matnik"]
[Black "DrDeath"]
[Result "1-0"]
[ICCResult "Black checkmated"]
[WhiteElo "1585"]
[BlackElo "1738"]
[Opening "Sicilian: Kan, 5.Nc3"]
[ECO "B43"]
[NIC "SI.41"]
[Time "21:10:07"]
[TimeControl "180+0"]

1. e4 c5 2. Nf3 e6 3. d4 cxd4 4. Nxd4 a6 5. Nc3 Qc7 6. Be3 b5 7. a3 Bb7 8.
f3 Nc6 9. Qd2 Rc8 10. Be2 Nf6 11. O-O h5 12. Ndxb5 axb5 13. Nxb5 Qb8 14. c4
Ba6 15. b4 Bxb5 16. cxb5 Ne5 17. Rfd1 Ng6 18. a4 Ng4 19. Qxd7#
{Black checkmated}
1-0

[Event "ICCopen2017"]
[Site "Internet Chess Club"]
[Date "2017.04.02"]
[Round "11"]
[White "jefferyx"]
[Black "Alinochka199217"]
[Result "0-1"]
[ICCResult "White resigns"]
[WhiteElo "2736"]
[BlackElo "2561"]
[Opening "Sicilian: Najdorf"]
[ECO "B90"]
[NIC "SI.14"]
[Time "21:09:35"]
[TimeControl "180+0"]

1. e4 c5 2. Nf3 d6 3. d4 Nf6 4. Nc3 cxd4 5. Nxd4 a6 6. a3 e5 7. Nf5 d5 8.
Bg5 d4 9. Bxf6 gxf6 10. Na2 Bxf5 11. exf5 Qd5 12. Be2 Nc6 13. O-O Rg8 14.
Bf3 Qd7 15. c3 Qxf5 16. Bxc6+ bxc6 17. cxd4 Rd8 18. Re1 Bc5 19. Qa4 Qf3 20.
g3 Bxd4 21. Qc2 h5 22. Rad1 h4 23. Kf1 hxg3 24. hxg3 Rh8 {White resigns} 0-1

[Event "ICCopen2017"]
[Site "Internet Chess Club"]
[Date "2017.04.02"]
[Round "11"]
[White "TennKid84"]
[Black "FGM21"]
[Result "0-1"]
[ICCResult "White resigns"]
[WhiteElo "1770"]
[BlackElo "1906"]
[Opening "King's Indian: East Indian defense"]
[ECO "A48"]
[NIC "QP.06"]
[Time "21:09:34"]
[TimeControl "180+0"]

1. d4 Nf6 2. Nf3 g6 3. e3 Bg7 4. Bd3 O-O 5. Nbd2 d5 6. c3 b6 7. O-O Bb7 8.
Qe2 Ne4 9. Ne5 f6 10. Nef3 e5 11. dxe5 fxe5 12. Bc2 Kh8 13. Nxe4 dxe4 14.
Nd2 Nd7 15. Rd1 Nf6 16. Nxe4 Nxe4 17. Rxd8 Raxd8 18. Bxe4 Bxe4 19. Bd2 Bd3
20. Qe1 e4 21. Rc1 c5 22. b3 b5 23. g3 Rd7 24. c4 b4 25. Bxb4 cxb4 26. Qxb4
Rdf7 27. Rd1 Rxf2 28. c5 Rc2 29. Qb7 h5 30. Qc6 Rff2 {White resigns} 0-1

[Event "ICCopen2017"]
[Site "Internet Chess Club"]
[Date "2017.04.02"]
[Round "11"]
[White "Dewey"]
[Black "egyptiantiger"]
[Result "0-1"]
[ICCResult "White checkmated"]
[WhiteElo "1357"]
[BlackElo "1639"]
[Opening "King's Indian defense, 3.Nc3"]
[ECO "E61"]
[NIC "KI.80"]
[Time "21:09:44"]
[TimeControl "180+0"]

1. d4 Nf6 2. c4 g6 3. Nc3 Bg7 4. e3 d6 5. Bd3 O-O 6. Nge2 Nbd7 7. O-O e5 8.
d5 a5 9. Ne4 Nxe4 10. Bxe4 f5 11. Bc2 Nf6 12. Bd2 Bd7 13. Bc3 g5 14. f3 h5
15. Qe1 Qe8 16. b3 h4 17. Qb1 Qg6 18. f4 gxf4 19. exf4 e4 20. Nd4 Ng4 21.
Qb2 Ne3 22. Rf2 Rae8 23. Re1 Ng4 24. Rfe2 Bh6 25. h3 Nf6 26. Bd2 Nh5 27. Be3
Nxf4 28. Bxf4 Bxf4 29. Rf1 Be5 30. a3 Rf7 31. Qa1 Qg3 32. Qd1 e3 33. Rf3
Qh2+ 34. Kf1 Qh1# {White checkmated} 0-1

[Event "ICCopen2017"]
[Site "Internet Chess Club"]
[Date "2017.04.02"]
[Round "11"]
[White "Pepiton"]
[Black "oli2"]
[Result "0-1"]
[ICCResult "White resigns"]
[WhiteElo "1826"]
[BlackElo "1772"]
[Opening "Sicilian: modern Scheveningen, main line"]
[ECO "B45"]
[NIC "SI.39"]
[Time "21:09:49"]
[TimeControl "180+0"]

1. e4 c5 2. Nf3 e6 3. d4 cxd4 4. Nxd4 Nc6 5. Nc3 d6 6. Be3 Nf6 7. Be2 Be7 8.
O-O O-O 9. f4 a6 10. a4 Qc7 11. Bf3 Nxd4 12. Bxd4 e5 13. Be3 exf4 14. Bxf4
Be6 15. Kh1 Nd7 16. Nd5 Bxd5 17. exd5 Bf6 18. c3 Be5 19. Qd2 Bxf4 20. Qxf4
Ne5 21. Be4 g6 22. h4 f5 23. Bf3 Rae8 24. h5 Qg7 25. h6 Qf6 26. Qh2 g5 27.
Rad1 Kh8 28. Rd4 g4 29. Bd1 Qg5 30. c4 Rf6 31. Kg1 Qe3+ {White resigns} 0-1

[Event "ICCopen2017"]
[Site "Internet Chess Club"]
[Date "2017.04.02"]
[Round "11"]
[White "Spirals"]
[Black "ROWLAND"]
[Result "1-0"]
[ICCResult "Black checkmated"]
[WhiteElo "2149"]
[BlackElo "1538"]
[Opening "Philidor: exchange variation"]
[ECO "C41"]
[NIC "KP.08"]
[Time "21:10:43"]
[TimeControl "180+0"]

1. e4 e5 2. Nf3 d6 3. d4 exd4 4. Qxd4 Nf6 5. Nc3 Be7 6. Bf4 O-O 7. O-O-O Nc6
8. Qd2 Be6 9. a3 a6 10. h3 b5 11. Bd3 Qb8 12. Nd5 Bxd5 13. exd5 Na7 14. Rhe1
Re8 15. g4 Nxd5 16. Bxh7+ Kxh7 17. Qxd5 b4 18. Qxf7 bxa3 19. bxa3 d5 20.
Rxe7 Rxe7 21. Ng5+ Kh8 22. Qh5+ Kg8 23. Qh7+ Kf8 24. Qh8# {Black checkmated}
1-0

[Event "ICCopen2017"]
[Site "Internet Chess Club"]
[Date "2017.04.02"]
[Round "11"]
[White "Ecalevol123"]
[Black "GolfPro"]
[Result "0-1"]
[ICCResult "White checkmated"]
[WhiteElo "1715"]
[BlackElo "1867"]
[Opening "Queen's pawn, Mason variation"]
[ECO "D00"]
[NIC "QP.08"]
[Time "21:10:14"]
[TimeControl "180+0"]

1. d4 d5 2. Bf4 e6 3. e3 Nf6 4. Nf3 Bd6 5. Ne5 Nbd7 6. Bd3 Bxe5 7. dxe5 Ng8
8. Qg4 g6 9. Nd2 Ne7 10. Nf3 c5 11. c3 c4 12. Bc2 Nf5 13. h4 h5 14. Qh3 Qb6
15. O-O-O Nc5 16. g4 hxg4 17. Qxg4 Bd7 18. Bg5 Rh5 19. Bf6 a5 20. Nd4 Ba4
21. Nxf5 Rxf5 22. f4 Bxc2 23. Kxc2 Kd7 24. h5 gxh5 25. Rxh5 Nd3 26. Rxf5
Qxb2# {White checkmated} 0-1

[Event "ICCopen2017"]
[Site "Internet Chess Club"]
[Date "2017.04.02"]
[Round "11"]
[White "playwaycool"]
[Black "charlestehace"]
[Result "0-1"]
[ICCResult "White resigns"]
[WhiteElo "2196"]
[BlackElo "2784"]
[Opening "Trompowsky attack (Ruth, Opocenský opening)"]
[ECO "A45"]
[NIC "QP.07"]
[Time "21:10:10"]
[TimeControl "180+0"]

1. d4 Nf6 2. Bg5 e6 3. e4 h6 4. Bxf6 Qxf6 5. c3 d5 6. Bd3 Qd8 7. Ne2 c5 8.
O-O Nc6 9. dxc5 Bxc5 10. exd5 Qxd5 11. Qc2 O-O 12. Be4 Qg5 13. Kh1 Bd7 14.
f4 Qe7 15. Bf3 Rad8 16. Ng3 f5 17. Nd2 Bd6 18. Ne2 Bb8 19. Nb3 Kh8 20. g3 e5
21. Rad1 e4 22. Bg2 Be6 23. Ned4 Nxd4 24. Nxd4 Bc4 25. Rfe1 Qf6 26. b3 Bd3
27. Qf2 a6 28. Bf1 Bxf1 29. Rxf1 Ba7 30. Qb2 Bxd4 31. cxd4 Rd5 32. Rd2 Rfd8
33. Rfd1 e3 34. Re2 Rxd4 35. Rxd4 Rxd4 36. Qc2 Qe6 37. Kg2 Qd5+ 38. Kh3 Rd2
39. Qc8+ Kh7 40. Rxe3 Qg2+ {White resigns} 0-1

[Event "ICCopen2017"]
[Site "Internet Chess Club"]
[Date "2017.04.02"]
[Round "11"]
[White "A4-H5"]
[Black "Zheus"]
[Result "0-1"]
[ICCResult "White checkmated"]
[WhiteElo "1869"]
[BlackElo "2024"]
[Opening "English opening"]
[ECO "A16"]
[NIC "EO.64"]
[Time "21:10:12"]
[TimeControl "180+0"]

1. c4 Nf6 2. Nc3 d6 3. e4 Nbd7 4. f4 e5 5. d3 c6 6. Nf3 Be7 7. Be2 Qb6 8.
Qd2 a5 9. Qe3 Nc5 10. O-O Qc7 11. b3 O-O 12. h3 Re8 13. Qf2 Bf8 14. Be3 b6
15. fxe5 dxe5 16. Bxc5 Bxc5 17. d4 exd4 18. Na4 d3 19. Nxc5 dxe2 20. Qxe2
bxc5 21. e5 Bf5 22. Rae1 Rad8 23. Qe3 Bg6 24. Ng5 h6 25. Nf3 Nd7 26. Qf4 Re6
27. Re3 Rde8 28. Rfe1 f6 29. exf6 Qxf4 30. Rxe6 Rxe6 31. Rxe6 Nxf6 32. Rxc6
Be4 33. Rc8+ Kh7 34. Kf2 Bxf3 35. gxf3 Ne4+ 36. Kf1 Qxf3+ 37. Kg1 Qf2+ 38.
Kh1 Ng3# {White checkmated} 0-1

[Event "ICCopen2017"]
[Site "Internet Chess Club"]
[Date "2017.04.02"]
[Round "11"]
[White "Saniser"]
[Black "MassCarnage"]
[Result "1-0"]
[ICCResult "Black resigns"]
[WhiteElo "2286"]
[BlackElo "1959"]
[Opening "St. George (Baker) defense"]
[ECO "B00"]
[NIC "VO.17"]
[Time "21:09:51"]
[TimeControl "180+0"]

1. e4 a6 2. d4 b5 3. c4 bxc4 4. Bxc4 e6 5. Nf3 Bb7 6. Nc3 Nf6 7. e5 Ne4 8.
Nxe4 Bxe4 9. O-O Be7 10. d5 exd5 11. Bxd5 Bxd5 12. Qxd5 Nc6 13. Bf4 O-O 14.
Rac1 Nb4 15. Qb3 Rb8 16. Rfd1 d6 17. a3 Nc6 18. Qc4 Na5 19. Qxa6 Nb3 20. Rc3
Nc5 21. Rxc5 dxc5 22. Rxd8 Rfxd8 23. h4 Rxb2 24. Qc6 Rd1+ 25. Kh2 Rxf2 26.
Qxc7 Bf8 27. a4 Ra1 28. a5 Raa2 29. Kh3 Rxg2 30. Ng5 Rxg5 31. Bxg5 f6 32.
exf6 gxf6 33. Bxf6 Rf2 34. Qg3+ {Black resigns} 1-0

[Event "ICCopen2017"]
[Site "Internet Chess Club"]
[Date "2017.04.02"]
[Round "11"]
[White "Almutairih"]
[Black "Salvatore"]
[Result "0-1"]
[ICCResult "White forfeits on time"]
[WhiteElo "1309"]
[BlackElo "1428"]
[Opening "Sicilian: closed"]
[ECO "B23"]
[NIC "SI.44"]
[Time "21:10:03"]
[TimeControl "180+0"]

1. e4 c5 2. Nc3 e6 3. f4 g6 4. Nf3 Bg7 5. a4 a6 6. a5 Ne7 7. d4 cxd4 8. Nxd4
O-O 9. e5 Nbc6 10. Ne4 Nxd4 11. Qxd4 Nd5 12. Nd6 f6 13. c4 fxe5 14. fxe5 Nb4
15. Qc3 Nc6 16. Nxc8 Rxc8 17. Be2 Nxe5 18. Qb3 Qh4+ 19. g3 Qe4 20. Rg1 Nf3+
21. Kd1 Nxg1 22. Bg5 Qxe2+ 23. Kc1 Rf1+ {White forfeits on time} 0-1

[Event "ICCopen2017"]
[Site "Internet Chess Club"]
[Date "2017.04.02"]
[Round "11"]
[White "Revolutions"]
[Black "unkavalo"]
[Result "0-1"]
[ICCResult "White resigns"]
[WhiteElo "1861"]
[BlackElo "2332"]
[Opening "Nimzo-Indian: Romanishin-Kasparov (Steiner) system"]
[ECO "E20"]
[NIC "NI.29"]
[Time "21:10:38"]
[TimeControl "180+0"]

1. d4 Nf6 2. c4 e6 3. Nc3 Bb4 4. g3 O-O 5. Bg2 c5 6. Nf3 d5 7. O-O dxc4 8.
a3 Bxc3 9. bxc3 cxd4 10. cxd4 Nc6 11. Bg5 Bd7 12. e4 h6 13. Bxf6 Qxf6 14. e5
Qe7 15. Rc1 b5 16. Nd2 Qxa3 17. Ne4 Rfc8 18. Qg4 Qe7 19. Nd6 Rcb8 20. f4
Nxd4 21. Be4 Nf5 22. Nxf5 exf5 23. Bxf5 Bxf5 24. Qxf5 a5 25. Rcd1 a4 26. Rd7
Qe6 27. Qxe6 fxe6 28. f5 exf5 29. Rxf5 Rf8 30. Rxf8+ Kxf8 31. e6 a3 32. Rb7
a2 33. e7+ Ke8 {White resigns} 0-1

[Event "ICCopen2017"]
[Site "Internet Chess Club"]
[Date "2017.04.02"]
[Round "11"]
[White "Chaos23"]
[Black "rugsy"]
[Result "1-0"]
[ICCResult "Black resigns"]
[WhiteElo "1895"]
[BlackElo "1442"]
[Opening "Benko's opening"]
[ECO "A00"]
[NIC "VO.09"]
[Time "21:09:32"]
[TimeControl "180+0"]

1. g3 c5 2. Bg2 d5 3. c4 e6 4. Nf3 Nc6 5. cxd5 exd5 6. d4 c4 7. O-O Nf6 8.
b3 cxb3 9. Qxb3 Qb6 10. Qe3+ Be6 11. Bh3 Nb4 12. Na3 Rc8 13. Ng5 Nc2 14.
Nxc2 Rxc2 15. Nxe6 fxe6 16. Bxe6 Be7 17. Ba3 Ne4 18. Bxd5 Bxa3 19. Bxe4 Rc7
20. Qxa3 {Black resigns} 1-0

[Event "ICCopen2017"]
[Site "Internet Chess Club"]
[Date "2017.04.02"]
[Round "11"]
[White "sanka"]
[Black "splashlee2010"]
[Result "1-0"]
[ICCResult "Black resigns"]
[WhiteElo "1301"]
[BlackElo "1253"]
[Opening "Sicilian defense"]
[ECO "B30"]
[NIC "SI.31"]
[Time "21:10:37"]
[TimeControl "180+0"]

1. e4 c5 2. Nf3 Nc6 3. Bc4 e6 4. O-O a6 5. c3 b5 6. Be2 Nf6 7. e5 Nd5 8. d4
cxd4 9. cxd4 Qb6 10. Be3 d6 11. Nc3 Nxc3 12. bxc3 d5 13. Rb1 Be7 14. c4 dxc4
15. Bxc4 Na5 16. Be2 Bb7 17. d5 exd5 18. Bxb6 Nc4 19. Bxc4 dxc4 20. Qe2 O-O
21. e6 f6 22. Nh4 g6 23. Be3 Rfe8 24. Bh6 Bc5 25. Qg4 Re7 26. Rbd1 Rae8 27.
Rd7 Bc8 28. Rxe7 Rxe7 29. Re1 Bd6 30. Nf5 {Black resigns} 1-0

[Event "ICCopen2017"]
[Site "Internet Chess Club"]
[Date "2017.04.02"]
[Round "11"]
[White "BenkoChess"]
[Black "spoks7th"]
[Result "0-1"]
[ICCResult "White resigns"]
[WhiteElo "1854"]
[BlackElo "2135"]
[Opening "Réti: King's Indian attack"]
[ECO "A05"]
[NIC "QP.11"]
[Time "21:09:44"]
[TimeControl "180+0"]

1. Nf3 Nf6 2. g3 g6 3. b3 Bg7 4. Bb2 O-O 5. Bg2 c5 6. c4 d6 7. Nc3 e5 8. d3
Nc6 9. O-O h6 10. Ne1 Be6 11. Nc2 Qd7 12. Ne3 Bh3 13. Ncd5 Nxd5 14. Nxd5
Bxg2 15. Kxg2 f5 16. e3 f4 17. gxf4 exf4 18. Bxg7 f3+ 19. Kh1 Kxg7 20. Rg1
Ne5 21. Rg3 Qf5 22. Nf4 Kh7 23. d4 cxd4 24. Qxd4 Rf6 25. Rag1 a6 26. Nd5 Rf7
27. e4 Qh5 28. Qe3 Raf8 29. c5 dxc5 30. Qxc5 Nd3 31. Qd4 Ne5 32. Rc1 Ng4 33.
h3 Qe5 34. Qe3 Nxe3 35. Nxe3 Qxe4 36. Rcg1 g5 {White resigns} 0-1

[Event "ICCopen2017"]
[Site "Internet Chess Club"]
[Date "2017.04.02"]
[Round "11"]
[White "TerryR"]
[Black "Molton"]
[Result "1-0"]
[ICCResult "Black resigns"]
[WhiteElo "2705"]
[BlackElo "2972"]
[Opening "Queen's Indian: old main line, 9.Qxc3"]
[ECO "E19"]
[NIC "QI.11"]
[Time "21:09:53"]
[TimeControl "180+0"]

1. d4 Nf6 2. Nf3 e6 3. c4 b6 4. g3 Bb7 5. Bg2 Be7 6. O-O O-O 7. Nc3 Ne4 8.
Qc2 Nxc3 9. Qxc3 Bf6 10. Qc2 c5 11. Ng5 Bxg5 12. Bxb7 Nc6 13. Bxa8 Nxd4 14.
Bxg5 Qxg5 15. Qe4 d5 16. cxd5 Rxa8 17. dxe6 Re8 18. e7 g6 19. e3 Ne6 20.
Rad1 Rxe7 21. Rd5 Qf6 22. Qe5 Qxe5 23. Rxe5 Rd7 24. f4 Ng7 25. e4 Rd2 26.
Rf2 Rd1+ 27. Kg2 Rd4 28. Re2 Ne6 29. Rd5 Ra4 30. b3 Ra3 31. f5 Nd4 32. f6 h5
33. Rf2 Ne6 34. Rd7 g5 35. h4 g4 36. Rd5 a5 37. Rxh5 a4 38. bxa4 Rxa4 39.
Re5 Ra3 40. h5 c4 41. h6 Kh7 42. Rxe6 {Black resigns} 1-0

[Event "ICCopen2017"]
[Site "Internet Chess Club"]
[Date "2017.04.02"]
[Round "11"]
[White "marjose"]
[Black "BoldPlan"]
[Result "0-1"]
[ICCResult "White resigns"]
[WhiteElo "1752"]
[BlackElo "1878"]
[Opening "Alekhine's defense"]
[ECO "B03"]
[NIC "AL.09"]
[Time "21:09:43"]
[TimeControl "180+0"]

1. e4 Nf6 2. e5 Nd5 3. d4 c6 4. Nf3 Nc7 5. c4 d5 6. c5 Bf5 7. Bd3 Bg6 8. O-O
e6 9. Bg5 Be7 10. h4 Nd7 11. Nc3 Bh5 12. Be2 Bxf3 13. Bxf3 Bxg5 14. hxg5
Qxg5 15. b4 O-O 16. a4 f6 17. exf6 Rxf6 18. g3 e5 19. Bg2 e4 20. Qe2 Raf8
21. b5 Ne6 22. bxc6 Nxd4 23. Qb5 Nxb5 24. axb5 bxc6 25. bxc6 Rxc6 26. Rxa7
Nxc5 27. Rd1 Nd3 28. Rf1 Rxc3 {White resigns} 0-1

[Event "ICCopen2017"]
[Site "Internet Chess Club"]
[Date "2017.04.02"]
[Round "11"]
[White "cendrier"]
[Black "Step2Me"]
[Result "1-0"]
[ICCResult "Black resigns"]
[WhiteElo "1667"]
[BlackElo "1404"]
[Opening "English opening"]
[ECO "A15"]
[NIC "EO.64"]
[Time "21:10:49"]
[TimeControl "180+0"]

1. c4 Nf6 2. Nf3 g6 3. b4 Bg7 4. Bb2 O-O 5. g3 d6 6. Bg2 Nbd7 7. O-O Re8 8.
d3 e5 9. c5 e4 10. dxe4 Nxe4 11. Bxg7 Kxg7 12. cxd6 Nxd6 13. Nc3 a6 14. Nd5
c6 15. Qd4+ Kg8 16. Nf4 Nf5 17. Qc3 Qf6 18. Rac1 Nb6 19. Qxf6 {Black
resigns} 1-0

[Event "ICCopen2017"]
[Site "Internet Chess Club"]
[Date "2017.04.02"]
[Round "11"]
[White "chessrex"]
[Black "vbtry3"]
[Result "1/2-1/2"]
[ICCResult "Game drawn by repetition"]
[WhiteElo "1897"]
[BlackElo "1709"]
[Opening "KGD: classical variation"]
[ECO "C30"]
[NIC "KG.05"]
[Time "21:09:55"]
[TimeControl "180+0"]

1. e4 e5 2. f4 Bc5 3. Nf3 d6 4. Nc3 Nf6 5. Bc4 Nc6 6. d3 O-O 7. Na4 Bb6 8.
Nxb6 axb6 9. O-O Bg4 10. c3 Na5 11. Bb3 Nxb3 12. Qxb3 Be6 13. Qc2 h6 14.
fxe5 dxe5 15. Nxe5 Bxa2 16. b3 Qe7 17. Rxa2 Qxe5 18. Rxa8 Rxa8 19. Bf4 Qe7
20. h3 c6 21. Kh2 Nh5 22. Qd2 Nxf4 23. Qxf4 Ra2 24. Rf2 Rxf2 25. Qxf2 Qe5+
26. Qg3 Qxc3 27. Qb8+ Kh7 28. Qxb7 Qe5+ 29. Kg1 Qd4+ 30. Kh2 Qe5+ 31. Kh1
Qa1+ 32. Kh2 Qe5+ 33. Kg1 Qd4+ 34. Kh1 Qa1+ 35. Kh2 Qe5+
{Game drawn by repetition}
1/2-1/2

[Event "ICCopen2017"]
[Site "Internet Chess Club"]
[Date "2017.04.02"]
[Round "11"]
[White "GYMEJR"]
[Black "Strider25"]
[Result "1-0"]
[ICCResult "Black checkmated"]
[WhiteElo "1495"]
[BlackElo "1722"]
[Opening "Beefeater defense"]
[ECO "A40"]
[NIC "QO.17"]
[Time "21:10:24"]
[TimeControl "180+0"]

1. d4 g6 2. c4 Bg7 3. Nc3 c5 4. d5 Bxc3+ 5. bxc3 f5 6. f3 Qa5 7. Qc2 Nf6 8.
e4 fxe4 9. fxe4 Nxe4 10. Bb2 Nf6 11. Bd3 d6 12. Nf3 Nbd7 13. Ng5 Ne5 14. O-O
Nxd3 15. Qxd3 Bf5 16. Qe3 Qc7 17. Rae1 h6 18. Ne6 Bxe6 19. Qxe6 Ng8 20. Qf7+
Kd8 21. Bc1 Nf6 22. Qxg6 Rg8 23. Qxh6 Qd7 24. Bf4 Qg4 25. Bg3 Rc8 26. Rxf6
Qxc4 27. Rxd6+ exd6 28. Qxd6# {Black checkmated} 1-0

[Event "ICCopen2017"]
[Site "Internet Chess Club"]
[Date "2017.04.02"]
[Round "11"]
[White "vangani"]
[Black "croder"]
[Result "0-1"]
[ICCResult "White resigns"]
[WhiteElo "1355"]
[BlackElo "1573"]
[Opening "Queen's pawn game"]
[ECO "D02"]
[NIC "QP.08"]
[Time "21:10:40"]
[TimeControl "180+0"]

1. d4 d5 2. Nf3 e6 3. Bf4 Nf6 4. h3 Bd6 5. Bxd6 cxd6 6. e3 O-O 7. Nbd2 a6 8.
c4 Nbd7 9. Be2 Qb6 10. Qc1 Ne4 11. O-O Nxd2 12. Nxd2 Nf6 13. Rb1 Bd7 14. b4
Rfc8 15. c5 dxc5 16. bxc5 Qc6 17. Nf3 Be8 18. Ne5 Qc7 19. Rb6 a5 20. Qb2 a4
21. a3 Rcb8 22. Rb1 Nd7 23. Nxd7 Qxd7 24. Bb5 Qe7 25. Bxe8 Qxe8 26. Rxb7
Rxb7 27. Qxb7 h6 28. Rb6 Kh7 29. Rd6 Rb8 30. Qc7 Rb1+ 31. Kh2 e5 32. Rd8 Qe6
33. dxe5 Qf5 34. f4 Rb2 35. Rxd5 Qe4 36. Rd2 Rxd2 {White resigns} 0-1

[Event "ICCopen2017"]
[Site "Internet Chess Club"]
[Date "2017.04.02"]
[Round "11"]
[White "x-plica"]
[Black "hangin"]
[Result "1-0"]
[ICCResult "Black forfeits on time"]
[WhiteElo "1441"]
[BlackElo "1245"]
[Opening "Sicilian"]
[ECO "B50"]
[NIC "SI.01"]
[Time "21:10:05"]
[TimeControl "180+0"]

1. e4 c5 2. Nf3 d6 3. d3 Nc6 4. c4 g6 5. Nc3 Bg7 6. Bd2 Nf6 7. Be2 O-O 8.
O-O Re8 9. h3 a6 10. Qc1 Bd7 11. Bh6 Qc8 12. Bxg7 Kxg7 13. Kh2 Nb4 14. a3
Nc6 15. Ng1 e6 16. f4 Nd4 17. Bd1 b5 18. Nce2 Kg8 19. Nxd4 cxd4 20. b3 Qc7
21. Qd2 Rac8 22. Rc1 Red8 23. Bf3 e5 24. f5 Ne8 25. fxg6 hxg6 26. Qh6 Be6
27. Qg5 Rd7 28. Bg4 Bxg4 29. Qxg4 Qd8 30. Nf3 bxc4 31. bxc4 Qe7 32. Nh4 Nf6
33. Qg3 Nh5 34. Qg4 Nf6 35. Qg5 Nh7 36. Qg3 Nf6 37. Rf2 {Black forfeits on
time} 1-0

[Event "ICCopen2017"]
[Site "Internet Chess Club"]
[Date "2017.04.02"]
[Round "11"]
[White "samank"]
[Black "ziggyalbert"]
[Result "1-0"]
[ICCResult "Black resigns"]
[WhiteElo "1384"]
[BlackElo "1258"]
[Opening "Sicilian: Smith-Morra gambit"]
[ECO "B21"]
[NIC "SI.48"]
[Time "21:11:24"]
[TimeControl "180+0"]

1. e4 c5 2. d4 cxd4 3. c3 dxc3 4. Nxc3 Nc6 5. Nf3 d6 6. Bc4 g6 7. O-O Bg7 8.
Ng5 e6 9. Nf3 Nge7 10. Be3 O-O 11. Qd2 Re8 12. Bh6 Bh8 13. Ng5 d5 14. exd5
exd5 15. Nxd5 Nxd5 16. Bxd5 Ne5 17. f4 Qb6+ 18. Kh1 Rd8 19. fxe5 Bxe5 20.
Bxf7+ Kh8 21. Bb3 Bf5 22. Nf7+ Kg8 23. Nxe5+ {Black resigns} 1-0

[Event "ICCopen2017"]
[Site "Internet Chess Club"]
[Date "2017.04.02"]
[Round "11"]
[White "Shafkat"]
[Black "LiangLiang"]
[Result "0-1"]
[ICCResult "White forfeits on time"]
[WhiteElo "1632"]
[BlackElo "1820"]
[Opening "Sicilian: Najdorf, Zagreb (fianchetto) variation"]
[ECO "B91"]
[NIC "SI.14"]
[Time "21:09:51"]
[TimeControl "180+0"]

1. e4 c5 2. Nf3 d6 3. d4 cxd4 4. Nxd4 Nf6 5. Nc3 a6 6. g3 e5 7. Nde2 Be7 8.
Bg2 h5 9. Bg5 Be6 10. f4 Nbd7 11. f5 Bc4 12. b3 Bxe2 13. Qxe2 Ng4 14. Bxe7
Qxe7 15. h3 Ngf6 16. Nd5 Nxd5 17. exd5 Nf6 18. O-O Qc7 19. c4 Qc5+ 20. Kh2
O-O 21. g4 hxg4 22. hxg4 g6 23. g5 Nh5 24. f6 Qd4 25. Qf2 Qg4 26. Bh3 Qxg5
27. Rae1 Nf4 28. Rg1 Qxf6 29. Rg4 Kg7 30. Rh4 Rh8 31. Rxh8 Rxh8 32. Re3 Nxh3
33. Qxf6+ Kxf6 34. Rxh3 Rxh3+ 35. Kxh3 e4 36. Kg3 Ke5 37. Kf2 f5 38. Ke3 g5
39. Ke2 f4 40. b4 g4 {White forfeits on time} 0-1

[Event "ICCopen2017"]
[Site "Internet Chess Club"]
[Date "2017.04.02"]
[Round "11"]
[White "Dupinpon"]
[Black "blunder23"]
[Result "1-0"]
[ICCResult "Black checkmated"]
[WhiteElo "1612"]
[BlackElo "1523"]
[Opening "French: advance, Nimzovich system"]
[ECO "C02"]
[NIC "FR.03"]
[Time "21:09:35"]
[TimeControl "180+0"]

1. e4 e6 2. d4 d5 3. e5 c5 4. Nf3 cxd4 5. Bd3 Nc6 6. O-O Be7 7. Nbd2 Qc7 8.
Re1 Bd7 9. Nb3 f6 10. Bf4 g5 11. Nxg5 fxg5 12. Qh5+ Kd8 13. Bxg5 Bxg5 14.
Qxg5+ Nge7 15. c4 b6 16. cxd5 exd5 17. e6 Be8 18. Rac1 Kc8 19. Nxd4 Kb7 20.
Nb5 Qd8 21. Qg3 Rc8 22. Nd6+ Ka8 23. Nxc8 Qxc8 24. Qd6 Qd8 25. Qa3 Qb8 26.
Ba6 Qc7 27. Rc2 Bg6 28. Rc3 Rf8 29. Rec1 Qf4 30. f3 Qd4+ 31. Kh1 Qe5 32.
Rxc6 Nxc6 33. Qxf8+ Nb8 34. Qc8 Bf5 35. Qb7# {Black checkmated} 1-0